 Dungeon Crawl Stone Soup version 0.27-a0-1500-g450c7e4133 (webtiles) character file.

Game seed: 3365290653054672413

788 lunkers the Insei (level 8, 0/54 HPs)
             Began as a Djinni Warper on July 8, 2021.
             Slain by a gnoll (6 damage)
             ... on level 5 of the Dungeon.
             The game lasted 00:06:37 (5636 turns).

lunkers the Insei (Djinni Warper)                   Turns: 5636, Time: 00:06:38

Health: 0/54       AC:  3    Str: 10    XL:     8   Next: 12%
Gold:   147        EV:  6    Int: 23    God:
                   SH:  0    Dex: 13

rFire    + + .     SeeInvis +     - Unarmed
rCold    x . .     Faith    .   (no shield)
rNeg     . . .     Spirit   .   a - +0 leather armour
rPois    ∞         Reflect  .   (no helmet)
rElec    .         Harm     .   i - scarf {repulsion}
rCorr    .         Rampage  .   (no gloves)
Will     .....                  (boots unavailable)
Stlth    +.........             (no amulet)
HPRegen  0.18/turn              k - ring of see invisible
MPRegen  0.00/turn              o - +6 ring of intelligence

@: lit by a corona, about to teleport, flying, held, glowing, repel missiles
A: sickness immunity, fire resistance 2, cold vulnerability 1, float, innate
caster, hp casting, extra vitality 1
a: no special abilities


You were on level 5 of the Dungeon.
You visited 1 branch of the dungeon, and saw 5 of its levels.

You collected 147 gold pieces.

Inventory:

Missiles
 c - 5 boomerangs of dispersal
Armour
 a - a +0 leather armour (worn)
 i - a scarf of repulsion (worn)
Jewellery
 b - a +4 ring of slaying
 k - a ring of see invisible (left hand)
 o - a +6 ring of intelligence (right hand)
Scrolls
 d - a scroll of magic mapping {unknown}
 g - 4 scrolls of teleportation
 h - a scroll of noise {unknown}
 l - a scroll of amnesia {unknown}
 m - 2 scrolls of identify {unknown}
 p - 2 scrolls of vulnerability {unknown}
Potions
 e - a potion of heal wounds {unknown}
 f - 2 potions of curing {unknown}
 j - a potion of degeneration {unknown}
 n - a potion of cancellation {unknown}
 q - 2 potions of mutation {unknown}


   Skills:
 - Level 2.0 Fighting
 - Level 0.7 Throwing
 - Level 1.0 Armour
 - Level 2.1 Dodging
 + Level 6.5 Unarmed Combat
 + Level 5.0 Spellcasting


You couldn't memorise any spells.
You knew the following spells:

 Your Spells              Type           Power      Damage    Failure   Level
a - Ensorcelled Hibernat  Hex/Ice        56%        N/A       2%          2
b - Lesser Beckoning      Tloc           14%        N/A       4%          3
c - Gell's Gravitas       Tloc           14%        N/A       4%          3
d - Teleport Other        Tloc           28%        N/A       4%          3
e - Manifold Assault      Tloc           28%        N/A       41%         5
f - Conjure Flame         Conj/Fire      28%        6-21      4%          3
p - Foxfire               Conj/Fire      100%       2x1d9     1%          1
q - Blink                 Tloc           N/A        N/A       2%          2
Your spell library was empty.

Dungeon Overview and Level Annotations

Branches:
Dungeon (5/15)
 Temple: D:4-7

Altars:

Shops:
D:3 (


Innate Abilities, Weirdness & Mutations

You are immune to sickness and miasma.
You are immune to poison.
Your flesh is very heat resistant. (rF++)
You are vulnerable to cold. (rC-)
You float through the air rather than walking.
You learn spells naturally, not from books.
Your magical power is your life essence.
You have superior vitality. (+4 HP)


Message History

You blink.
* * * LOW HITPOINT WARNING * * *
The gnoll shaman mumbles some strange prayers to its god against you.
You are outlined in light.
Casting: Blink (safe; 2% risk of failure)
Confirm with . or Enter, or press ? or * to list all spells.
You conjure some foxfire!
* * * LOW HITPOINT WARNING * * *
The gnoll throws a throwing net.
The throwing net hits you.
You become entangled in the net!
Casting: Foxfire (safe; 1% risk of failure)
Confirm with . or Enter, or press ? or * to list all spells.
You conjure some foxfire!
* * * LOW HITPOINT WARNING * * *
The foxfire hits the gnoll!
You kill the gnoll!
The foxfire hits the gnoll.
The gnoll is lightly wounded.
The gnoll shaman calls upon its god to heal the gnoll.
The gnoll is healed somewhat.
Unknown command.
You struggle against the net.
The foxfire hits the black bear!
You kill the black bear!
The foxfire hits the gnoll.
The gnoll is moderately wounded.
Your Spellcasting skill increases to level 5!
You have reached level 8!
You feel agile.
You struggle against the net.
The gnoll hits you with a +0 club.
* * * LOW HITPOINT WARNING * * *
You struggle against the net.
The gnoll hits you with a +0 club.
* * * LOW HITPOINT WARNING * * *
The gnoll hits you with a +0 whip.
* * * LOW HITPOINT WARNING * * *
As you read the scroll labelled RATSEO QEPE, it crumbles to dust.
You feel strangely unstable.
It was a scroll of teleportation.
The gnoll hits you with a +0 club.
* * * LOW HITPOINT WARNING * * *
The gnoll hits you with a +0 whip.
You die...

#.###..........
##..............
#..............#
..###(....)....#
##....)...#
##.......#
#.§..†gg#
##..###gg##
#..## #@.# ##.##
##..# #..# ...#
##..# #...#
...####..##
..... .........#
##..##.
#######..##
#...## ##..###
##....#
##...##......


You could see a gnoll shaman and 3 gnolls.

Vanquished Creatures
  An orc warrior (D:3)
  A black bear (D:5)
  An ogre (D:4)
  A phantom (D:4)
  A scorpion (D:4)
  A howler monkey (D:4)
  A bullfrog zombie (D:5)
  3 jellies (D:4)
  An orc priest (D:4)
  An iguana (D:4)
  An orc wizard (D:4)
  A hound skeleton (D:4)
  3 gnolls
  A howler monkey skeleton (D:3)
  3 adders
  An adder skeleton (D:4)
  3 worms
  3 dart slugs
  5 orcs
  5 endoplasms
  4 giant cockroaches
  4 goblins
  6 hobgoblins
  4 jackals
  3 quokkas
  3 ball pythons
  3 frilled lizards
  8 kobolds
  8 rats
81 creatures vanquished.

Vanquished Creatures (others)
  433 foxfires
433 creatures vanquished.

Grand Total: 514 creatures vanquished

Notes
Turn   | Place    | Note
-------+----------+-------------------------------------------
     0 | D:1      | lunkers the Djinni Warper began the quest for the Orb.
     0 | D:1      | Reached XP level 1. HP: 18/18 MP: 0/0
   227 | D:1      | Reached XP level 2. HP: 22/23 MP: 0/0
   566 | D:1      | Reached XP level 3. HP: 28/28 MP: 0/0
   566 | D:1      | Learned a level 1 spell: Foxfire
   756 | D:1      | Reached skill level 3 in Unarmed Combat
   973 | D:1      | Found a faded altar of an unknown god.
  1568 | D:2      | Reached XP level 4. HP: 30/33 MP: 0/0
  2606 | D:3      | Reached skill level 4 in Unarmed Combat
  2871 | D:3      | Reached XP level 5. HP: 36/38 MP: 0/0
  2871 | D:3      | Learned a level 2 spell: Ensorcelled Hibernation
  3177 | D:3      | Found Zotem Jas's Weapon Shoppe.
  4180 | D:4      | Reached XP level 6. HP: 40/43 MP: 0/0
  4270 | D:4      | Reached skill level 5 in Unarmed Combat
  4420 | D:4      | Noticed an orc warrior
  4704 | D:3      | Killed an orc warrior
  4705 | D:3      | Reached XP level 7. HP: 11/49 MP: 0/0
  4705 | D:3      | Learned a level 3 spell: Conjure Flame
  5180 | D:4      | Reached skill level 6 in Unarmed Combat
  5527 | D:5      | Entered Level 5 of the Dungeon
  5634 | D:5      | Reached skill level 5 in Spellcasting
  5634 | D:5      | Reached XP level 8. HP: 23/54 MP: 0/0
  5636 | D:5      | Slain by a gnoll

Illustrated notes

Levels and vault maps discovered:
D:1:      enne_arrival_octagon_isle, layout_rooms,
          shapermc_ecumenical_altar_mp_vishouse
D:2:      layout_basic
D:3:      layout_basic, serial_shops, shop
D:4:      layout_basic
D:5:      layout_layer_cave, grunt_temple_overflow_magic_moments, uniq_ijyb

Skill      XL: |  1  2  3  4  5  6  7 |
---------------+----------------------+-----
Unarmed Combat | 3 4 5 6 |  6.5
Spellcasting   | 3 4 5 |  5.0
Fighting       | |  2.0
Throwing       | |  0.7
Armour         | |  1.0
Dodging        | |  2.1

Action                   |  1- 3 |  4- 6 |  7- 9 || total
-------------------------+-------+-------+-------++-------
Melee: Unarmed           |    54 |    31 |     5 ||    90
       Punch             |       |     1 |       ||     1
 Cast: Foxfire           |    41 |   150 |    60 ||   251
       Blink             |       |       |     2 ||     2
  Use: Scroll            |       |     1 |     1 ||     2
Armor: Leather armour    |    16 |     9 |     2 ||    27
Dodge: Dodged            |    34 |    37 |    10 ||    81
       Repelled          |     1 |       |       ||     1

Table legend: (Time is in decaauts)
 A = Elapsed time spent in this place.
 B = Non-inter-level travel time spent in this place.
 C = Inter-level travel time spent in this place.
 D = Time resting spent in this place.
 E = Time spent auto-exploring this place.
 F = Levels seen in this place.
 G = Mean time per level.
                   A        B        C        D        E       F      G
               +--------+--------+--------+--------+--------+-----+--------+
         Total |   5633 |   5544 |     89 |   1032 |   3903 |   5 | 1126.6 |
       Dungeon |   5633 |   5544 |     89 |   1032 |   3903 |   5 | 1126.6 |
               +--------+--------+--------+--------+--------+-----+--------+

Top non-repeatable levels by time:
     D:3: 2063 daAuts
     D:1: 1237 daAuts
     D:4: 1118 daAuts
     D:2: 1106 daAuts
     D:5: 108 daAuts
